cohdb
Replays
Latest Replays
All Replays
Popular Replays
Top Player Replays
Match Explorer
How It Works
Community
CoH3 Stats
Reddit
Sign in to upload your games and track your stats! →
Sign in with Steam
Match 45270411
Unlisted
Match 45270411
Overview
Messages
Build Orders
End
Panzergrenadier Squad
250 Light Carrier
Panzergrenadier Squad
Construct Light Support Kompanie
Combat Half-tracks
Fire Support Elements
MG34 Team
Panzergrenadier Squad
Selects Panzerjäger Kommand Battlegroup
Selects Tank Busters
Panzerjäger Mechanized Group
Panzerjäger Squad
Construct Panzerarmee Kommand
777
sigounet
BES2
ikersus25
patito
Jonesy
szwed
Lord Curzon
0
0
Comments
sign in to comment!
No comments posted yet!